Map: Romanticide LE

Players

RAGNAROK (SHIN) - Winner!

  • Race: Zerg Zerg
  • League: Grandmaster
  • Spawn Location: 11:00

TYTY (TY)

  • Race: Terran Terran
  • League: Grandmaster
  • Spawn Location: 5:00

VOD

Have the link to the VOD?

Description

Time

  • Played on: Jan. 12, 2021, 9:23 a.m.
  • Length: 9:15
Show
View Real Time Build Order
Export as new Build Order

RAGNAROK Zerg - Winner!

Build Orders: Hatch First 

Get SALT Encoding   

  12  0:00  Drone  
  13  0:13  Overlord  
  13  0:17  Drone  
  14  0:32  Drone x2  
  16  0:47  Hatchery  
  15  0:51  Drone  
  15  0:55  Drone  
  17  0:57  Drone  
  18  1:11  Extractor  
  17  1:13  Spawning Pool  
  17  1:16  Drone  
  17  1:19  Drone  
  18  1:29  Drone  
  19  1:41  Drone  
  20  1:59  Queen x2  
  20  2:00  Zergling x4  
  26  2:02  Drone  
  27  2:10  Overlord  
  27  2:13  Drone  
  28  2:16  Metabolic Boost  
  28  2:29  Drone x2  
  30  2:32  Drone  
  30  2:35  Queen  
  32  2:41  Overlord  
  32  2:42  Drone  
  33  2:44  Drone  
  34  2:55  Drone  
  35  3:02  Drone  
  35  3:04  Overlord  
  37  3:05  Drone  
  37  3:08  Pneumatized Carapace  
  37  3:10  Drone x3  
  37  3:11  Queen  
  42  3:24  Drone  
  42  3:25  Drone  
  44  3:27  Hatchery  
  44  3:29  Drone  
  44  3:30  Drone  
  45  3:36  Drone  
  46  3:42  Drone x2  
  46  3:43  Drone x2  
  46  3:46  Zergling x2, Overlord  
  46  3:47  Overlord  
  51  4:04  Queen  
  51  4:08  Overlord  
  51  4:09  Drone x3  
  56  4:12  Drone  
  56  4:14  Overlord  
  57  4:19  Drone x3, Baneling Nest  
  57  4:20  Overlord, Drone  
  57  4:22  Overlord  
  60  4:25  Extractor  
  60  4:29  Zergling x4  
  61  4:37  Drone  
  62  4:40  Queen, Evolution Chamber  
  62  4:41  Spore Crawler, Evolution Chamber  
  62  4:43  Drone x2  
  63  4:48  Queen  
  63  4:50  Drone  
  63  4:51  Spore Crawler, Drone  
  63  4:52  Zergling x2  
  67  4:57  Lair  
  67  4:58  Zergling x2  
  67  4:59  Zergling x2  
  69  5:01  Zergling x2  
  69  5:06  Drone x3  
  69  5:07  Drone  
  74  5:09  Extractor  
  73  5:15  Zergling x4  
  73  5:19  Baneling x6  
  74  5:22  Zergling x8  
  74  5:23  Baneling x3  
  76  5:28  Drone x2  
  76  5:30  Drone x2  
  71  5:36  Overlord  
  71  5:37  Drone  
  71  5:40  Drone  
  71  5:41  Zerg Melee Weapons Level 1  
  71  5:42  Zergling x6  
  72  5:44  Zergling x2  
  72  5:49  Drone  
  70  5:51  Drone x3  
  70  5:56  Zergling x2  
  73  5:58  Zergling x6  
  73  5:59  Drone  
  73  6:03  Zergling x2  
  77  6:06  Zerg Ground Armor Level 1  
  77  6:07  Drone  
  77  6:09  Drone  
  74  6:12  Drone  
  75  6:18  Drone  
  75  6:21  Drone  
  75  6:24  Drone  
  75  6:25  Drone x2  
  80  6:26  Drone  
  80  6:29  Hatchery  
  80  6:32  Centrifical Hooks  
  80  6:33  Drone x2  
  80  6:39  Hatchery  
  81  6:40  Spore Crawler  
  81  6:41  Zergling x4  
  81  6:43  Queen  
  81  6:44  Queen  
  86  6:49  Zergling x8  
  86  6:50  Overlord  
  86  6:54  Zergling x8  
  92  6:58  Zergling x2  
  92  6:59  Zergling x2  
  96  7:03  Zergling x6  
  99  7:09  Overlord  
  99  7:10  Zergling x4  
  99  7:13  Zergling x6  
  104  7:20  Drone  
  105  7:23  Zergling x14  
  105  7:26  Zergling x2  
  112  7:34  Zergling x4  
  114  7:37  Overlord  
  114  7:40  Zergling x4  
  114  7:41  Zergling x2  
  114  7:43  Zergling x2  
  118  7:47  Baneling x13  
  118  7:48  Baneling x11  
  101  7:54  Zergling x22  
  113  7:58  Zergling x2  
  113  8:00  Zergling x2  
  113  8:03  Zergling x6  
  117  8:07  Baneling  
  117  8:08  Baneling x4  
  117  8:09  Zergling x6  
  116  8:17  Zergling x6  
  116  8:18  Zergling x4  
  113  8:21  Zergling x4  
  113  8:22  Zergling x4, Baneling x3  
  113  8:24  Zergling x6  
  113  8:26  Zergling x2  
  114  8:29  Zergling x4  
  114  8:30  Zergling x2  
  114  8:32  Zergling x2  
  113  8:35  Zergling x4  
  113  8:36  Zergling x2  
  113  8:39  Zergling x2, Baneling x2  
  115  8:41  Zergling x2  
  115  8:44  Zergling x4  
  115  8:45  Zergling x2  
  115  8:47  Zergling x2  
  115  8:49  Zergling x2  
  115  8:51  Zergling x2  
  115  8:52  Zergling x2  
  115  8:53  Baneling  
  115  8:54  Zergling x2  
  112  8:57  Baneling x3  
Show
View Real Time Build Order
Export as new Build Order

TYTY Terran 

Build Orders: Reaper Expand 

Get SALT Encoding   

  12  0:00  SCV  
  13  0:12  SCV  
  14  0:16  Supply Depot  
  14  0:24  SCV  
  15  0:38  SCV  
  15  0:39  Barracks  
  16  0:42  Refinery  
  16  0:50  SCV  
  17  1:02  SCV  
  18  1:14  SCV  
  19  1:26  Reaper  
  19  1:27  Orbital Command  
  20  1:38  Command Center  
  20  1:48  Supply Depot  
  20  1:53  SCV  
  21  1:58  Marine  
  22  2:07  Factory, SCV  
  23  2:19  Barracks Reactor, SCV  
  24  2:31  SCV  
  25  2:41  Command Center  
  25  2:43  SCV  
  26  2:51  Orbital Command  
  26  2:55  SCV  
  27  3:04  Starport  
  27  3:07  SCV  
  27  3:12  Refinery  
  28  3:14  Hellion  
  28  3:19  Hellion  
  32  3:21  SCV  
  32  3:25  SCV  
  34  3:30  Marine  
  34  3:33  SCV  
  36  3:37  SCV  
  36  3:39  Viking  
  36  3:40  Hellion  
  41  3:45  Hellion  
  41  3:46  SCV  
  44  3:49  Barracks Tech Lab  
  44  3:50  SCV  
  45  3:58  SCV  
  45  4:00  Orbital Command  
  45  4:01  Supply Depot  
  45  4:02  SCV  
  47  4:05  Hellion  
  47  4:09  Marine  
  50  4:11  SCV  
  50  4:17  SCV  
  51  4:22  Armory  
  51  4:23  SCV  
  52  4:27  Medivac, Marine  
  52  4:29  Supply Depot, SCV  
  52  4:30  SCV  
  57  4:33  Hellion  
  57  4:35  Hellion, SCV  
  62  4:41  Refinery, SCV  
  62  4:44  SCV  
  62  4:45  Marine  
  65  4:47  SCV  
  65  4:48  Factory  
  66  4:53  SCV  
  66  4:55  Supply Depot  
  66  4:57  Hellion x2  
  66  4:58  Orbital Command  
  71  5:04  SCV  
  72  5:14  Barracks Tech Lab  
  72  5:19  Hellion  
  72  5:20  Hellion  
  76  5:21  SCV  
  76  5:22  SCV  
  78  5:33  SCV  
  79  5:36  Marine  
  79  5:37  Stimpack  
  79  5:41  Hellion  
  70  5:47  SCV x2  
  70  5:48  SCV  
  67  5:51  Hellion x2  
  67  5:52  Drilling Claws  
  67  5:54  Marine  
  69  5:57  Barracks  
  69  5:58  Barracks  
  69  5:59  Engineering Bay, SCV x2  
  69  6:00  Engineering Bay  
  69  6:02  Hellion  
  71  6:08  Starport Reactor  
  71  6:10  SCV  
  68  6:11  SCV x2  
  68  6:12  Hellion, Marine  
  73  6:22  SCV  
  73  6:23  Command Center, SCV  
  73  6:24  Refinery  
  73  6:25  Refinery  
  75  6:28  Supply Depot x2, Widow Mine x2  
  77  6:32  Terran Infantry Armor Level 1, Terran Infantry Weapons Level 1  
  77  6:33  SCV  
  77  6:34  SCV  
  77  6:35  SCV  
  77  6:36  Supply Depot, Marine  
  81  6:45  Barracks Reactor x2, Medivac, SCV  
  81  6:46  SCV  
  85  6:47  Supply Depot  
  85  6:50  Medivac, SCV  
  85  6:52  Widow Mine x3  
  94  6:55  Marine  
  94  6:57  SCV  
  94  7:00  Supply Depot  
  96  7:03  Barracks  
  96  7:04  Barracks, SCV x2  
  98  7:09  SCV  
  98  7:11  Terran Vehicle And Ship Armor Level 1  
  98  7:13  Widow Mine  
  101  7:15  Medivac, Marine  
  101  7:16  SCV x2  
  101  7:20  Medivac  
  108  7:25  Marine x4  
  108  7:28  Combat Shield, Supply Depot  
  108  7:29  SCV x2  
  114  7:30  SCV  
  114  7:32  Widow Mine  
  114  7:33  Marine  
  118  7:38  Widow Mine  
  118  7:43  Marine x4  
  124  7:51  Marine  
  122  7:52  Medivac x2, Widow Mine  
  122  7:53  Widow Mine  
  122  7:54  Barracks Reactor x2  
  122  7:57  SCV x3  
  130  8:01  Marine x4  
  134  8:09  Marine  
  130  8:19  Marine  
  124  8:23  Marine x2  
  124  8:26  Marine  
  124  8:27  Marine  
  110  8:30  Widow Mine x2  
  98  8:37  Marine x2  
  98  8:39  Hellion  
  98  8:41  Marine x4  
Tags
 
Add a new tag
Caveats
  • Supply blocks, unpowered buildings, or Contaminate may cause inaccurate times.
  • Supply counts are checked every 10 seconds.